 Dungeon Crawl Stone Soup version 0.28.0-43-g3370ac3207 (webtiles) character file.

Game seed: 11759571856487401149

13 Peloso the Shield-Bearer (level 2, -3/27 HPs)
             Began as a Minotaur Fighter on Mar 27, 2022.
             Slain by Natasha (5 damage)
             ... on level 2 of the Dungeon.
             The game lasted 00:00:46 (928 turns).

Peloso the Shield-Bearer (Minotaur Fighter)          Turns: 928, Time: 00:00:47

Health: -3/27      AC:  7    Str: 20    XL:     2   Next: 24%
Magic:  1/1        EV:  9    Int:  5    God:
Gold:   47         SH:  4    Dex:  9    Spells: 1/1 levels left

rFire   . . .      SeeInvis .   a - +0 long sword
rCold   . . .      Faith    .   c - +0 buckler
rNeg    . . .      Spirit   .   b - +0 scale mail
rPois   .          Reflect  .   (helmet restricted)
rElec   .          Harm     .   (no cloak)
rCorr   .          Rampage  .   (no gloves)
Will    .....                   (no boots)
Stlth   ..........              (no amulet)
HPRegen 0.09/turn               (no ring)
MPRegen 0.07/turn               (no ring)

@: slowed, very slow
A: horns 2, retaliatory headbutt
a: no special abilities


You were on level 2 of the Dungeon.
You visited 1 branch of the dungeon, and saw 2 of its levels.

You collected 47 gold pieces.

Inventory:

Hand Weapons
 a - a +0 long sword (weapon)
Armour
 b - a +0 scale mail (worn)
 c - a +0 buckler (worn)
Scrolls
 e - a scroll of blinking {unknown}
 h - a scroll of identify {unknown}
Potions
 d - 2 potions of might
 f - a potion of lignification {unknown}
 g - a potion of curing {unknown}


   Skills:
 + Level 3.9 Fighting
 + Level 2.5 Long Blades
 + Level 3.9 Armour
 + Level 4.0 Shields


You had one spell level left.
You didn't know any spells.
Your spell library was empty.

Dungeon Overview and Level Annotations

Branches:
Dungeon (2/15)

Altars:

Annotations:
D:2 Natasha


Innate Abilities, Weirdness & Mutations

You have a pair of horns on your head.
You reflexively headbutt those who attack you in melee.


Message History

There are monsters nearby!
There are monsters nearby!
A hobgoblin comes into view.
The hobgoblin shouts!
The frilled lizard bites you but does no damage.
You see here 18 gold pieces.
You closely miss Natasha. You block the hobgoblin's attack. Natasha claws you!
The frilled lizard bites you. The hobgoblin hits you. Natasha claws you.
You barely miss Natasha. Your headbutt misses Natasha.
The frilled lizard misses you.
The hobgoblin hits you but does no damage.
Natasha mumbles some strange words.
You feel troubled.
Natasha stares at you and mumbles some strange words.
The magic dart hits you but does no damage.
You barely miss Natasha.
The frilled lizard bites you but does no damage.
The hobgoblin hits you but does no damage.
Natasha closely misses you.
You closely miss Natasha. The frilled lizard barely misses you.
The hobgoblin closely misses you.
Natasha stares at you and mumbles some strange words.
You feel yourself slow down.
The frilled lizard bites you but does no damage.
You hit Natasha but do no damage. The hobgoblin closely misses you.
Natasha claws you.
* * * LOW HITPOINT WARNING * * *
A kobold comes into view. It is wielding a +0 short sword.
The hobgoblin hits you.
* * * LOW HITPOINT WARNING * * *
The frilled lizard bites you but does no damage.
You block the hobgoblin's attack. Natasha claws you.
* * * LOW HITPOINT WARNING * * *
The hobgoblin hits you but does no damage.
The frilled lizard closely misses you.
The kobold moves out of view.
You closely miss Natasha. You headbutt Natasha!
Natasha is severely wounded.
The hobgoblin hits you but does no damage.
Natasha claws you.
You die...

. ######## ..
##......##
...#........##
.............#
.............#
......lg.....#
...)..h@.....#
......g......#
............##
............##
.............#
..#..........#
. #.........<#
#..........#
...........#


You could see Natasha, 2 hobgoblins and a frilled lizard.

Vanquished Creatures
  3 endoplasms (D:1)
  3 hobgoblins (D:1)
  A kobold (D:1)
  2 quokkas (D:1)
  A frilled lizard (D:1)
10 creatures vanquished.

Notes
Turn   | Place    | Note
-------+----------+-------------------------------------------
     0 | D:1      | Peloso the Minotaur Fighter began the quest for the Orb.
     0 | D:1      | Reached XP level 1. HP: 19/19 MP: 0/0
   289 | D:1      | Reached XP level 2. HP: 27/27 MP: 1/1
   512 | D:1      | Reached skill level 4 in Shields
   919 | D:2      | Noticed Natasha
   928 | D:2      | Slain by Natasha

Illustrated notes

Levels and vault maps discovered:
D:1:      dpeg_arrival_lava_temple_mockup, layout_basic
D:2:      layout_rooms, serial_shops, nicolae_shop_trees, uniq_sigmund,
          uniq_natasha

Skill      XL: |  1  2 |
---------------+-------+-----
Shields        | 4 |  4.0
Fighting       | |  3.9
Long Blades    | |  2.5
Armour         | |  3.9

Action                   || total
-------------------------++-------
Melee: Long sword        ||    27
       Headbutt          ||     4
Armor: Scale mail        ||    18
Dodge: Dodged            ||    12
Block: Buckler           ||     5
